 Dungeon Crawl Stone Soup version 0.20.1-1-g8b1a95d (webtiles) character file.

24500 tmwrnj the Severer (level 13, -19/117 HPs)
             Began as a Hill Orc Fighter on Sept 30, 2017.
             Was an Elder of Beogh.
             Killed from afar by Frances (33 damage)
             ... with an iron shot
             ... on level 13 of the Dungeon.
             The game lasted 00:47:17 (15936 turns).

tmwrnj the Severer (Hill Orc Fighter)              Turns: 15936, Time: 00:47:17

Health: -19/117    AC: 21    Str: 23    XL:     13   Next: 13%
Magic:  13/13      EV: 15    Int:  8    God:    Beogh [****..]
Gold:   647        SH:  8    Dex: 11    Spells: 12/12 levels left

rFire    . . .     SeeInvis .   a - +0 war axe
rCold    . . .     Gourm    .   s - +2 buckler {AC+3}
rNeg     . . .     Faith    .   H - +0 chain mail
rPois    +         Spirit   .   (no helmet)
rElec    .         Reflect  .   F - +2 cloak {+Inv}
rCorr    .         Harm     .   V - +0 pair of gloves
MR       .....                  D - +0 pair of boots
Stlth    ..........             M - amulet of regeneration
Regen    0.7/turn               I - +5 ring of evasion
MPRegen  0.2/turn               N - ring of poison resistance

@: no status effects
A: no striking features
a: Smiting, Recall Orcish Followers, Renounce Religion, Evoke Invisibility


You were on level 13 of the Dungeon.
You worshipped Beogh.
Beogh was greatly pleased with you.
You were not hungry.

You visited 2 branches of the dungeon, and saw 15 of its levels.

You collected 712 gold pieces.
You spent 65 gold pieces at shops.

Inventory:

Hand Weapons
 a - a +0 war axe (weapon)
Armour
 c - a +0 shield
 s - a +2 buckler of protection (worn)
 D - a +0 pair of boots (worn)
 F - a +2 cloak of invisibility (worn)
 H - a +0 chain mail (worn)
 V - a +0 pair of gloves (worn)
Jewellery
 i - an uncursed amulet of guardian spirit
 B - an uncursed ring of flight
 I - a +5 ring of evasion (left hand)
 M - an amulet of regeneration (around neck)
 N - a ring of poison resistance (right hand)
 R - a +5 amulet of reflection
Wands
 b - a wand of acid (5/15)
Scrolls
 e - 3 scrolls of teleportation
 g - a scroll of recharging {unknown}
 j - a scroll of enchant armour {unknown}
 l - a scroll of fog {unknown}
 m - 6 scrolls of remove curse
 n - 2 scrolls of immolation
 o - 4 scrolls of enchant weapon
 q - a scroll of amnesia {unknown}
 u - a scroll of magic mapping {unknown}
 y - a scroll of identify
 C - 2 scrolls of blinking
 G - a scroll of noise {unknown}
 Q - a scroll of fear {unknown}
Potions
 d - 5 potions of might
 h - 5 potions of brilliance
 k - 6 potions of curing
 t - 5 potions of agility
 v - 3 potions of haste
 w - 2 potions of flight
 A - a potion of resistance {unknown}
 K - a potion of degeneration {unknown}
 P - a potion of invisibility {unknown}
 S - a potion of cancellation {unknown}
Comestibles
 f - 12 bread rations
 p - a chunk of flesh
 x - 8 meat rations
 E - a royal jelly


   Skills:
 + Level 11.9 Fighting
 + Level 16.7 Axes
 + Level 11.0 Armour
 + Level 4.1 Dodging
 + Level 1.5 Stealth
 + Level 10.3 Shields
 + Level 0.4 Unarmed Combat


You had 12 spell levels left.
You didn't know any spells.

Dungeon Overview and Level Annotations

Branches:
Dungeon (14/15)            Temple (0/1) D:6            Lair (0/6) D:11
    Orc (1/2) D:12
 Vaults: D:13-14

Altars:
Hepliaklqana
Nemelex Xobeh
Sif Muna
Xom
Zin
The Shining One

Shops:
D:4 !

Portals:
Trove: D:10 (give +5 demon blade)

Annotations:
D:10 Treasure trove (demon blade)
D:11 bmj180's ghost, journeyman MiFi
D:12 wand cache
D:13 Frances


Message History

Frances whispers indecipherable words.
You block the shard of ice. The orange demon closely misses you.
You swap places.
Frances misses you.
Your orc closely misses Frances.
Frances hits you but does no damage.
You see here a leather armour.
You swap places.
Frances hits your orc with a halberd.
Your orc hits Frances but does no damage.
You swap places.
Frances hits your orc with a halberd!
Your orc dies!
You swap places.
Frances hits your orc wizard with a halberd!!
Your orc wizard dies!
Frances hits your orc with a halberd!
Your orc dies!
Frances mutters in a terrible tongue.
The shard of ice hits your orc.
Your orc dies!
Frances screams a word of power!
The iron shot hits you!
You die...

.....# #.o.......#
.#####
###....#..###
....####...#.##..#
.##†##...##..##..#
.#.....####.#....#
.#..#### #.#.##.#
....# #.#.##.#
..#.# ....##.#
#.#.# .. #@# #.#..
..# #.# #.###
#.### #.@.# ###.#
#.# #[# #@# #.#


You could see Frances.

Vanquished Creatures
  2 centaur warriors
  3 two-headed ogres
  2 tengu warriors (D:13)
  An unseen horror (D:13)
  The ghost of tmwrnj the Cleaver, a novice HOFi of Beogh (D:6)
  4 ugly things
  A cyclops (D:13)
  A deep elf mage (D:13)
  2 manticores (D:12)
  Maurice (D:12)
  A centaur zombie (D:13)
  4 molten gargoyles (D:13)
  A gargoyle (D:13)
  Psyche (D:9)
  4 trolls
  An efreet (D:12)
  A hornet (D:9)
  6 slime creatures
  Prince Ribbit (D:7)
  3 hippogriffs
  3 hogs (D:8)
  2 hungry ghosts
  17 yaks
  2 wyverns
  2 wraiths
  A human (D:8)
  2 wargs (D:12)
  Menkaure (D:7)
  Duvessa (D:4)
  An acid dragon (D:13)
  2 black bears
  2 orc warriors
  3 sky beasts
  A phantom (D:4)
  6 ice beasts
  6 ogres
  8 centaurs
  A crocodile (shapeshifter) (D:13)
  A crocodile (D:11)
  A big kobold (D:9)
  7 bullfrogs
  Dowan (D:4)
  A wyvern skeleton (D:9)
  2 scorpions
  17 killer bees
  3 wights (D:12)
  3 howler monkeys
  5 crimson imps
  A quasit (D:11)
  2 bullfrog skeletons (D:13)
  A bullfrog zombie (D:7)
  5 hounds
  A jelly (D:11)
  5 orc priests
  Crazy Yiuf (D:5)
  2 centaur skeletons
  7 worker ants
  8 orc wizards
  A killer bee zombie (D:9)
  A hound zombie (D:6)
  8 gnolls (D:4)
  2 worker ant zombies (D:11)
  11 adders
  2 shadow imps
  An adder zombie (D:8)
  2 adder skeletons
  5 worms (D:2)
  A dart slug (D:2)
  5 leopard geckos
  24 orcs
  3 giant cockroaches
  13 goblins
  13 hobgoblins
  13 jackals
  3 quokkas
  9 bats
  8 frilled lizards
  12 kobolds
  2 leopard gecko skeletons (D:5)
  A leopard gecko zombie (D:6)
  2 quokka skeletons
  11 rats
329 creatures vanquished.

Vanquished Creatures (collateral kills)
  An orc warrior (Orc:1)
  A bullfrog (D:13)
  An orc (D:13)
3 creatures vanquished.

Vanquished Creatures (others)
  5 dream sheep (D:3)
  2 orc warriors
  2 centaurs (D:10)
  2 orc priests
  3 orc wizards
  8 orcs
  4 toadstools (D:1)
26 creatures vanquished.

Grand Total: 358 creatures vanquished

Notes
Turn   | Place    | Note
-------+----------+-------------------------------------------
     0 | D:1      | tmwrnj the Hill Orc Fighter began the quest for the Orb.
     0 | D:1      | Reached XP level 1. HP: 19/19 MP: 1/1
   133 | D:1      | Reached XP level 2. HP: 17/27 MP: 2/2
   150 | D:1      | Reached skill level 3 in Axes
   383 | D:1      | Reached XP level 3. HP: 33/33 MP: 3/3
   912 | D:2      | Reached skill level 4 in Axes
  1018 | D:2      | Reached XP level 4. HP: 38/40 MP: 4/4
  2495 | D:3      | Reached XP level 5. HP: 46/46 MP: 5/5
  2657 | D:3      | Reached skill level 5 in Axes
  2797 | D:3      | Noticed a dream sheep
  2797 | D:3      | Noticed a dream sheep
  2797 | D:3      | Noticed a dream sheep
  2797 | D:3      | Noticed a dream sheep
  2797 | D:3      | Noticed a dream sheep
  2797 | D:3      | Found a shimmering altar of Xom.
  2801 | D:3      | Killed a dream sheep
  2802 | D:3      | Killed a dream sheep
  2802 | D:3      | Killed a dream sheep
  2802 | D:3      | Killed a dream sheep
  2802 | D:3      | Killed a dream sheep
  2958 | D:4      | Reached skill level 1 in Dodging
  3251 | D:4      | Noticed an ogre
  3348 | D:4      | Noticed a centaur
  3355 | D:4      | Killed a centaur
  3355 | D:4      | Reached XP level 6. HP: 20/53 MP: 6/6
  4011 | D:4      | Reached skill level 5 in Fighting
  4011 | D:4      | Reached skill level 6 in Axes
  4011 | D:4      | Reached XP level 7. HP: 7/61 MP: 7/7
  4303 | D:4      | Found a hazy altar of Hepliaklqana.
  4327 | D:4      | Found Joij's Distillery.
  4373 | D:4      | Bought a potion of heal wounds for 65 gold pieces
  4682 | D:4      | Noticed Duvessa
  4682 | D:4      | Noticed Dowan
  4972 | D:5      | Entered Level 5 of the Dungeon
  5000 | D:5      | Reached skill level 5 in Armour
  5358 | D:5      | Found a runed door.
  5500 | D:5      | Found a glowing silver altar of Zin.
  5507 | D:5      | Found a deep blue altar of Sif Muna.
  5941 | D:5      | Noticed Crazy Yiuf
  5948 | D:5      | Killed Crazy Yiuf
  6057 | D:6      | Reached skill level 7 in Axes
  6395 | D:6      | Reached XP level 8. HP: 70/70 MP: 8/8
  6417 | D:6      | Noticed tmwrnj's ghost (novice HOFi)
  6569 | D:4      | Killed Duvessa
  6578 | D:4      | Killed Dowan
  6578 | D:4      | Reached skill level 5 in Shields
  6652 | D:4      | Reached skill level 8 in Axes
  7104 | D:6      | Found a staircase to the Ecumenical Temple.
  7244 | D:6      | Reached skill level 9 in Axes
  7630 | D:6      | Reached XP level 9. HP: 68/78 MP: 9/9
  7782 | D:6      | Killed tmwrnj's ghost
  7782 | D:6      | Reached skill level 10 in Axes
  8301 | D:7      | Noticed Prince Ribbit
  8432 | D:7      | Killed Prince Ribbit
  8828 | D:7      | Reached skill level 1 in Stealth
  8918 | D:7      | Noticed Menkaure
  8923 | D:7      | Killed Menkaure
  9099 | D:8      | Reached skill level 11 in Axes
  9105 | D:8      | Reached XP level 10. HP: 69/88 MP: 10/10
  9165 | D:8      | Became a worshipper of Beogh the Brigand
  9204 | D:8      | Found a sparkling altar of Nemelex Xobeh.
  9432 | D:8      | Noticed a two-headed ogre
  9472 | D:9      | Reached skill level 12 in Axes
  9836 | D:9      | Noticed Psyche
  9892 | D:8      | Killed a two-headed ogre
  9892 | D:8      | Reached skill level 13 in Axes
 10010 | D:8      | Reached * piety under Beogh
 10441 | D:9      | Paralysed by a hornet for 3 turns
 10453 | D:9      | Paralysed by a hornet for 2 turns
 10730 | D:9      | Killed Psyche
 10730 | D:9      | Reached XP level 11. HP: 72/97 MP: 9/11
 10993 | D:9      | Found a glowing golden altar of the Shining One.
 11102 | D:10     | Entered Level 10 of the Dungeon
 11624 | D:10     | Reached skill level 14 in Axes
 11738 | D:10     | Found a portal to a secret trove of treasure.
 12042 | D:11     | Found a staircase to the Lair.
 12064 | D:11     | Noticed bmj180's ghost (journeyman MiFi)
 12352 | D:10     | Reached ** piety under Beogh
 12366 | D:11     | Noticed a brown ugly thing
 12383 | D:10     | Killed a brown ugly thing
 12474 | D:11     | Found a flagged portal.
 12511 | D:11     | Noticed a two-headed ogre
 12830 | D:12     | Noticed a manticore
 13118 | D:12     | Reached skill level 10 in Fighting
 13160 | D:12     | Found a staircase to the Orcish Mines.
 13637 | D:11     | Reached skill level 15 in Axes
 13836 | D:12     | Reached *** piety under Beogh
 13860 | D:12     | Reached XP level 12. HP: 100/107 MP: 12/12
 14194 | Orc:1    | Entered Level 1 of the Orcish Mines
 14201 | Orc:1    | Noticed a two-headed ogre
 14216 | D:12     | Killed a two-headed ogre
 14221 | Orc:1    | Noticed an orc high priest
 14237 | D:12     | Killed Maurice
 14430 | D:13     | Noticed a centaur warrior
 14535 | D:13     | Noticed a centaur warrior
 14562 | D:12     | Reached skill level 10 in Armour
 14693 | D:12     | Killed a centaur warrior
 14725 | D:13     | Killed a centaur warrior
 14725 | D:13     | Reached skill level 16 in Axes
 15007 | D:13     | Noticed a tengu warrior
 15049 | D:13     | Killed a tengu warrior
 15099 | D:13     | Noticed a tengu warrior
 15130 | D:12     | Reached **** piety under Beogh
 15144 | D:13     | Killed a tengu warrior
 15144 | D:13     | Reached skill level 10 in Shields
 15469 | D:13     | Reached XP level 13. HP: 111/116 MP: 13/13
 15485 | D:13     | Noticed Frances
 15936 | D:13     | Killed from afar by Frances

Skill      XL: |  1  2  3  4  5  6  7  8  9 10 11 12 13 |
---------------+----------------------------------------+-----
Axes           | 3 4 5 6 7 9 11 13 15 16 | 16.7
Fighting       | 4 5 6 7 9 10 11 | 11.9
Armour         | 4 5 6 7 8 9 10 11 | 11.0
Dodging        | 1 2 3 4 |  4.1
Shields        | 4 5 6 7 9 10 | 10.3
Stealth        | 1 |  1.5
Unarmed Combat | |  0.4

Action                   |  1- 3 |  4- 6 |  7- 9 | 10-12 | 13-15 || total
-------------------------+-------+-------+-------+-------+-------++-------
Melee: War axe           |   164 |   193 |   346 |   970 |   113 ||  1786
       Unarmed           |       |       |       |     3 |       ||     3
Invok: Convert to Beogh  |       |       |       |     1 |       ||     1
  Use: Scroll            |       |       |     7 |     7 |     1 ||    15
       Potion            |       |       |       |     1 |     2 ||     3
  Eat: Chunk             |     1 |     9 |     7 |    18 |     2 ||    37
       Bread ration      |       |       |     2 |       |       ||     2
       Royal jelly       |       |       |       |     4 |       ||     4
Armor: Scale mail        |    83 |    72 |    28 |       |       ||   183
       Chain mail        |       |       |    99 |   330 |    29 ||   458
Dodge: Dodged            |    60 |    64 |    95 |   481 |    41 ||   741
Block: Shield            |    86 |    95 |   151 |       |       ||   332
       Buckler           |       |       |    15 |   387 |    35 ||   437
       Reflection        |       |       |       |     7 |       ||     7
